 Dungeon Crawl Stone Soup version 0.28-a0-1382-g92835e5c71 (webtiles) character file.

Game seed: 6371067932923960287

988 ragingrage the Conjurer (level 7, -4/50 HPs)
             Began as a Demigod Wanderer on Jan 1, 2022.
             Slain by an orc warrior (15 damage)
             ... on level 6 of the Dungeon on Jan 2, 2022.
             The game lasted 00:08:48 (6633 turns).

ragingrage the Conjurer (Demigod Wanderer)          Turns: 6633, Time: 00:08:48

Health: -4/50      AC:  6    Str: 14    XL:     7   Next: 65%
Magic:  2/12       EV: 11    Int: 25    God:
Gold:   76         SH:  0    Dex: 11    Spells: 8/9 levels left

rFire   . . .      SeeInvis .   a - +0 quarterstaff
rCold   . . .      Faith    .   (shield currently unavailable)
rNeg    + . .      Spirit   .   s - +3 leather armour "Qesa" {rElec rN+ Regen+ Int+2}
rPois   .          Reflect  .   (no helmet)
rElec   +          Harm     .   (no cloak)
rCorr   .          Rampage  .   (no gloves)
Will    .....                   (no boots)
Stlth   +.........              y - amulet of regeneration
HPRegen 1.76/turn               (no ring)
MPRegen 0.13/turn               (no ring)

@: very slightly contaminated
A: high mp 1, forlorn, divine attributes
a: no special abilities


You were on level 6 of the Dungeon.
You visited 1 branch of the dungeon, and saw 6 of its levels.

You collected 256 gold pieces.
You spent 180 gold pieces at shops.

Inventory:

Hand Weapons
 a - a +0 quarterstaff (weapon)
Missiles
 p - 3 javelins
 D - 12 poisoned darts
Armour
 c - a +0 robe
 s - the +3 leather armour "Qesa" (worn) {rElec rN+ Regen+ Int+2}
   (You found it on level 2 of the Dungeon)

   Int:       It affects your intelligence (+2).
   rElec:     It insulates you from electricity.
   rN:        It protects you from negative energy.
   Regen:     It increases your rate of health regeneration.
Jewellery
 y - an amulet of regeneration (around neck)
Wands
 A - a wand of charming (8)
Scrolls
 d - a scroll of fog {unknown}
 f - 2 scrolls of magic mapping {unknown}
 g - 6 scrolls of identify {unknown}
 i - 2 scrolls of silence {unknown}
 l - 2 scrolls of immolation {unknown}
 m - 3 scrolls of amnesia {unknown}
 r - a scroll of enchant armour {unknown}
 u - 2 scrolls of blinking {unknown}
 v - 3 scrolls of teleportation {unknown}
 w - 3 scrolls of noise {unknown}
 B - a scroll of enchant weapon {unknown}
 C - a scroll of fear {unknown}
Potions
 e - a potion of heal wounds {unknown}
 h - 3 potions of haste {unknown}
 j - 2 potions of flight {unknown}
 k - 4 potions of brilliance {unknown}
 n - a potion of berserk rage {unknown}
 o - 3 potions of mutation
 q - 3 potions of curing
 t - a potion of attraction {unknown}
 x - a potion of cancellation {unknown}
 z - a potion of might
Miscellaneous
 b - a piece from Xom's chessboard (15/15)


   Skills:
 + Level 6.1 Staves
 - Level 1.7 Dodging
 - Level 1.7 Spellcasting
 + Level 6.5 Conjurations
 - Level 1.0 Evocations


You had 8 spell levels left.
You knew the following spells:

 Your Spells              Type           Power      Damage    Failure   Level
a - Foxfire               Conj/Fire      72%        2x1d7     3%          1

Your spell library contained the following spells:

 Spells                   Type           Power      Damage    Failure   Level
 Dazzling Flash           Conj/Hex       36%        N/A       12%         3
 Ensorcelled Hibernation  Hex/Ice        4%         N/A       22%         2
 Flame Wave               Conj/Fire      18%        2d5       36%         4
 Spider Form              Tmut/Pois      2%         N/A       41%         3
 Lightning Bolt           Conj/Air       9%         1d21      71%         5
 Airstrike                Air            1%         N/A       82%         4
 Summon Lightning Spire   Summ/Air       2%         N/A       82%         4
 Agony                    Necr           2%         N/A       99%         5
 Silence                  Hex/Air        1%         N/A       99%         5


Dungeon Overview and Level Annotations

Branches:
Dungeon (6/15)
 Temple: D:4-7

Shops:
D:4 !

Annotations:
D:5 2 transporters, IEatYoBabies's ghost, novice OpVM


Innate Abilities, Weirdness & Mutations

You have an increased reservoir of magic. (+10% MP)
You shall have no god before yourself.
Your divine heritage dramatically boosts your attributes as you level up.


Message History

Casting: Foxfire (safe; 3% risk of failure)
Confirm with . or Enter, or press ? or * to list all spells.
You conjure some foxfire!
The orc warrior closely misses you.
Your foxfire dissipates!
The foxfire hits the orc warrior but does no damage.
The orc warrior is moderately wounded.
Casting: Foxfire (safe; 3% risk of failure)
Confirm with . or Enter, or press ? or * to list all spells.
You conjure some foxfire!
The orc warrior hits you with a +0 mace!
Casting: Foxfire (safe; 3% risk of failure)
Confirm with . or Enter, or press ? or * to list all spells.
You miscast Foxfire.
You are very lightly contaminated with residual magic.
Nothing appears to happen.
The foxfire hits the orc warrior but does no damage.
The orc warrior is moderately wounded.
The foxfire hits the orc warrior but does no damage.
The orc warrior is moderately wounded.
The orc warrior hits you with a +0 mace!!
Casting: Foxfire (safe; 3% risk of failure)
Confirm with . or Enter, or press ? or * to list all spells.
You conjure some foxfire!
The orc warrior hits you with a +0 mace.
Casting: Foxfire (safe; 3% risk of failure)
Confirm with . or Enter, or press ? or * to list all spells.
You conjure some foxfire!
The foxfire hits the orc warrior but does no damage.
The orc warrior is moderately wounded.
The foxfire hits the orc warrior.
The orc warrior is moderately wounded.
The orc warrior hits you with a +0 mace!
* * * LOW HITPOINT WARNING * * *
Casting: Foxfire (safe; 3% risk of failure)
Confirm with . or Enter, or press ? or * to list all spells.
You conjure some foxfire!
The foxfire hits the orc warrior but does no damage.
The orc warrior is moderately wounded.
The orc warrior hits you with a +0 mace!
You die...

###....# #+###......# ....#'###
#.....#### ....#...# #.....#
....'...# #.....#
....##########.....##############
†...............................#
................................#
...............§v...............#
...............#@v..............#
...............vo...............#
.............#.#................#
####....##........####.......####
....##.#.#.#..o..'.......#
..............#..#.......#
#.#.#.#..##+#.......#
........##....#####...
##....#..#....# ...


You could see an orc warrior (ally target) and an orc wizard.

Vanquished Creatures
  2 black bears (D:6)
  2 ogres (D:4)
  A centaur (D:5)
  A phantom (D:5)
  A scorpion (D:5)
  A water moccasin skeleton (D:4)
  A bullfrog skeleton (D:5)
  3 hounds
  2 iguanas
  An orc wizard (D:6)
  A hound zombie (D:5)
  A hound skeleton (D:2)
  A howler monkey zombie (D:4)
  4 adders
  2 shadow imps
  An ufetubus (D:6)
  2 adder skeletons (D:4)
  A worm (D:2)
  6 orcs
  10 endoplasms
  2 giant cockroaches
  4 goblins
  10 hobgoblins
  7 jackals
  3 quokkas
  7 ball pythons
  5 bats
  5 frilled lizards
  3 kobolds
  5 rats
95 creatures vanquished.

Vanquished Creatures (others)
  416 foxfires
416 creatures vanquished.

Grand Total: 511 creatures vanquished

Notes
Turn   | Place    | Note
-------+----------+-------------------------------------------
     0 | D:1      | ragingrage the Demigod Wanderer began the quest for the
                  | Orb.
     0 | D:1      | ragingrage set off with the following items: a +0
                  | quarterstaff, a piece from Xom's chessboard (15/15), a +0
                  | robe; and the following spell memorised: Foxfire; and the
                  | following spells available to memorise: Dazzling Flash,
                  | Flame Wave
     0 | D:1      | Reached XP level 1. HP: 14/14 MP: 5/5
   538 | D:1      | Reached XP level 2. HP: 15/20 MP: 1/7
  2011 | D:2      | Reached XP level 3. HP: 26/26 MP: 3/8
  2917 | D:2      | Identified the +3 leather armour "Qesa" {rElec rN+ Regen+
                  | Int+2}
  3699 | D:3      | Reached XP level 4. HP: 28/33 MP: 9/9
  4180 | D:4      | Noticed an ogre
  4351 | D:4      | Reached XP level 5. HP: 30/38 MP: 0/10
  4466 | D:4      | Killed an ogre
  4576 | D:4      | Noticed an ogre
  4608 | D:4      | Killed an ogre
  4609 | D:4      | Reached skill level 5 in Conjurations
  4609 | D:4      | Reached XP level 6. HP: 38/45 MP: 3/11
  4768 | D:4      | Found Weaxon's Distillery.
  4775 | D:4      | Bought a potion of mutation for 96 gold pieces
  4775 | D:4      | Bought a potion of curing for 36 gold pieces
  5304 | D:4      | Bought a potion of might for 48 gold pieces
  5311 | D:5      | Entered Level 5 of the Dungeon
  5392 | D:5      | Reached skill level 5 in Staves
  5525 | D:5      | Noticed a shadow
  5528 | D:5      | Noticed IEatYoBabies's ghost (novice OpVM)
  5530 | D:5      | Found a transporter.
  5539 | D:5      | Found a transporter.
  5652 | D:5      | Reached XP level 7. HP: 50/50 MP: 4/12
  6633 | D:6      | Slain by an orc warrior

Illustrated notes

Levels and vault maps discovered:
D:1:      kilobyte_arrival_exit_the_forest, layout_loops_corners,
          ebering_ecumenical_altar_mist, minmay_three_crescents
D:2:      layout_basic
D:3:      layout_basic, nicolae_dithmenos_through_a_glass_darkly
D:4:      layout_loops_ring, serial_shops, shop
D:5:      layout_rooms, gammafunk_ghost_arena
D:6:      layout_gridville, minmay_temple_entry_fiery, hangedman_decor_riveting,
          minmay_misc_feat_iff, kennysheep_generic_room_7, uniq_grinder

Skill      XL: |  1  2  3  4  5  6  7 |
---------------+----------------------+-----
Staves         | 2 3 4 5 6 |  6.1
Conjurations   | 3 4 5 6 |  6.5
Dodging        | |  1.7
Spellcasting   | |  1.7
Evocations     | |  1.0

Action                   |  1- 3 |  4- 6 |  7- 9 || total
-------------------------+-------+-------+-------++-------
Melee: Quarterstaff      |    49 |    61 |     3 ||   113
 Cast: Foxfire           |   110 |    76 |    79 ||   265
Armor: Robe              |    16 |       |       ||    16
       Leather armour    |     3 |    18 |     8 ||    29
Dodge: Dodged            |    57 |    49 |    15 ||   121

Table legend: (Time is in decaauts)
 A = Elapsed time spent in this place.
 B = Non-inter-level travel time spent in this place.
 C = Inter-level travel time spent in this place.
 D = Time resting spent in this place.
 E = Time spent auto-exploring this place.
 F = Levels seen in this place.
 G = Mean time per level.
                   A        B        C        D        E       F      G
               +--------+--------+--------+--------+--------+-----+--------+
         Total |   6654 |   6319 |    335 |    717 |   4682 |   6 | 1109.0 |
       Dungeon |   6654 |   6319 |    335 |    717 |   4682 |   6 | 1109.0 |
               +--------+--------+--------+--------+--------+-----+--------+

Top non-repeatable levels by time:
     D:1: 1896 daAuts
     D:2: 1316 daAuts
     D:4: 1112 daAuts
     D:3: 1007 daAuts
     D:5: 897 daAuts
     D:6: 425 daAuts
